 Dungeon Crawl Stone Soup version 0.27-a0-419-g7a85846853 (webtiles) character file.

Game seed: 6200686106360453787

3480 duje the Jinx (level 9, -14/52 HPs)
             Began as a Vampire Enchanter on Feb 25, 2021.
             Was a Priest of Nemelex Xobeh.
             Demolished by a two-headed ogre
             ... wielding a +0 giant spiked club
              (33 damage)
             ... on level 7 of the Dungeon on Feb 26, 2021.
             The game lasted 01:45:25 (10419 turns).

duje the Jinx (Vampire Enchanter)                  Turns: 10419, Time: 01:45:28

Health: -14/52     AC: 13    Str:  8    XL:     9   Next: 79%
Magic:  5/15       EV: 12    Int: 18    God:    Nemelex Xobeh [***...]
Gold:   303        SH:  5    Dex: 16    Spells: 4/16 levels left

rFire    . . .     SeeInvis +   g - +0 dagger (speed)
rCold    + + .     Faith    .   E - +0 buckler
rNeg     + + +     Spirit   .   v - +2 leather armour {rPois}
rPois    ∞         Reflect  .   b - +2 helmet
rElec    .         Harm     .   h - +1 cloak
rCorr    .         Rampage  .   x - +0 pair of gloves
Will     .....                  c - +0 pair of boots
Stlth    +++++.....             (no amulet)
HPRegen  0.00/turn              (no ring)
MPRegen  0.14/turn              (no ring)

@: confusing touch, bloodless
A: fangs 3, see invisible, unbreathing
a: Bat Form, Revivify, Renounce Religion, Draw Escape, Draw Destruction, Draw
Summoning, Triple Draw


You were on level 7 of the Dungeon.
You worshipped Nemelex Xobeh.
Nemelex Xobeh was most pleased with you.
You visited 2 branches of the dungeon, and saw 9 of its levels.

You collected 420 gold pieces.
You spent 117 gold pieces at shops.

Inventory:

Hand Weapons
 a - a +1 dagger
 g - a +0 dagger of speed (weapon)
 I - a +2 dagger of pain
 K - a +0 dagger of freezing
Missiles
 j - 7 javelins
 l - 36 poisoned darts (quivered)
 r - 2 atropa-tipped darts
Armour
 b - a +2 helmet (worn)
 c - a +0 pair of boots (worn)
 h - a +1 cloak (worn)
 s - a +1 chain mail of fire resistance
 v - a +2 leather armour of poison resistance (worn)
 x - a +0 pair of gloves (worn)
 D - the +2 ring mail of Words of Power {+Fly}
   (You found it on level 5 of the Dungeon)

   It lets you fly.
 E - a +0 buckler (worn)
Jewellery
 M - a +6 ring of intelligence
Wands
 u - a wand of flame (13)
 w - a wand of mindburst (19)
 J - a wand of charming (2)
Scrolls
 d - 8 scrolls of teleportation
 e - 2 scrolls of fear
 p - 4 scrolls of magic mapping
 q - a scroll of blinking
 t - 4 scrolls of amnesia
 y - 2 scrolls of fog {unknown}
 C - a scroll of immolation {unknown}
 F - a scroll of random uselessness {unknown}
 G - a scroll of identify
 H - a scroll of enchant armour {unknown}
Potions
 f - a potion of brilliance
 i - 6 potions of lignification
 k - a potion of flight {unknown}
 m - 2 potions of degeneration {unknown}
 n - 3 potions of haste {unknown}
 o - a potion of berserk rage {unknown}
 z - a potion of ambrosia {unknown}
 A - 3 potions of curing
 B - 3 potions of heal wounds {unknown}
 L - a potion of attraction {unknown}


   Skills:
 - Level 4.0 Fighting
 + Level 6.0 Short Blades
 - Level 4.0 Armour
 - Level 2.2 Dodging
 - Level 7.4 Stealth
 - Level 4.0 Shields
 - Level 4.0 Spellcasting
 * Level 2.0 Conjurations
 - Level 10.0 Hexes
 - Level 4.0 Ice Magic
 + Level 1.0 Evocations


You had 4 spell levels left.
You knew the following spells:

 Your Spells              Type           Power        Failure   Level
a - Corona                Hex            43%          1%          1
b - Ensorcelled Hibernat  Hex/Ice        56%          1%          2
c - Confusing Touch       Hex            39%          1%          3
d - Tukima's Dance        Hex            39%          1%          3
e - Dazzling Flash        Conj/Hex       50%          5%          3

Your spell library contained the following spells:

 Spells                   Type           Power        Failure   Level
 Sting                    Tmut/Pois      12%          21%         1
 Poisonous Vapours        Pois/Air       6%           30%         2
 Mephitic Cloud           Conj/Pois/Air  6%           43%         3
 Ignite Poison            Fire/Tmut/Pois 3%           52%         3
 Olgreb's Toxic Radiance  Pois           3%           90%         4


Dungeon Overview and Level Annotations

Branches:
Dungeon (8/15)             Temple (1/1) D:7
   Lair: D:8-11

Altars:
Ashenzari
Cheibriados
Dithmenos
Elyvilon
Fedhas
Gozag
Hepliaklqana
Kikubaaqudgha
Makhleb
Nemelex Xobeh
Okawaru
Qazlal
Ru
Sif Muna
Trog
Uskayaw
Vehumet
Wu Jian
Xom
Yredelemnul
Zin
The Shining One

Shops:
D:5 *


Innate Abilities, Weirdness & Mutations

You do not regenerate when monsters are visible.
You are frail without blood (-20% HP).
You can heal yourself when you bite living creatures.
You are immune to poison.
You have razor-sharp teeth.
You have supernaturally acute eyesight. (SInv)
You can survive without breathing.


Message History

Aim: a two-headed ogre, wielding a +0 giant spiked club and a +0 giant club (chance to affect: 39%)
The two-headed ogre easily resists.
Casting: Ensorcelled Hibernation (safe; 1% risk of failure)
Confirm with . or Enter, or press ? or * to list all spells.
Aiming: Ensorcelled Hibernation (safe; 1% risk of failure)
Press: ? - help, Shift-Dir - straight line, f/p - two-headed ogre
Aim: a two-headed ogre, wielding a +0 giant spiked club and a +0 giant club (chance to affect: 39%)
The two-headed ogre easily resists.
The two-headed ogre completely misses you.
The two-headed ogre barely misses you.
Casting: Ensorcelled Hibernation (safe; 1% risk of failure)
Confirm with . or Enter, or press ? or * to list all spells.
Aiming: Ensorcelled Hibernation (safe; 1% risk of failure)
Press: ? - help, Shift-Dir - straight line, f/p - two-headed ogre
Aim: a two-headed ogre, wielding a +0 giant spiked club and a +0 giant club (chance to affect: 39%)
The two-headed ogre looks drowsy...
The helpless two-headed ogre fails to defend itself.
You bite the two-headed ogre, and draw its blood!
You feel better.
You perforate the two-headed ogre like a sieve!!!
The two-headed ogre is severely wounded.
The two-headed ogre barely misses you.
The two-headed ogre hits you with a +0 giant club.
Casting: Ensorcelled Hibernation (safe; 1% risk of failure)
Confirm with . or Enter, or press ? or * to list all spells.
Your hands begin to glow red.
The two-headed ogre hits you with a +0 giant spiked club.
The two-headed ogre hits you with a +0 giant club!!
Your hands stop glowing.
There is a stone staircase leading up here.
You block the two-headed ogre's attack. The two-headed ogre barely misses you.
You climb upwards.
There is a stone staircase leading down here.
Casting: Confusing Touch (safe; 1% risk of failure)
Confirm with . or Enter, or press ? or * to list all spells.
Your hands begin to glow red.
The two-headed ogre hits you with a +0 giant spiked club!!
Ouch! That really hurt!
You die...
Your body disappears without a glow.

##.#..# ##.#####.#......#
...#.### #........#...#..#
#.>....#####..####..#..##..#
.>...#.....[..####.......(.#
############)##....#.#.##########
#[##........# #.....
#)....#..##.### #.###.
#........##...###.###.
#...#@##...)[.......#.
##.##O##.##....##.#.#.
##.##>##.##..#.##.....
##...#........#.####...
#.....###.#.....# #### #.....#
#..[....# #.....# ###.....#
##...## #.....# ##.## #.....#


You could see a two-headed ogre.

Vanquished Creatures
  3 yaks
  An orc warrior (D:6)
  An ice beast (D:7)
  4 sky beasts
  A black bear (D:6)
  5 ogres
  A centaur (D:5)
  3 phantoms
  3 bullfrogs
  A scorpion (D:7)
  5 killer bees (D:4)
  3 howler monkeys
  A crimson imp (D:7)
  3 orc priests
  4 hounds
  2 jellies (D:7)
  A centaur skeleton (D:6)
  An iguana (D:2)
  Terence (D:3)
  5 worker ants
  3 orc wizards
  Natasha (thrice) (D:2)
  2 killer bee zombies
  A hound zombie (D:7)
  The ghost of CurlyBrace the Caller, a weakling FeSu (D:3)
  A worker ant zombie (D:6)
  A howler monkey skeleton (D:4)
  10 gnolls
  11 adders
  2 white imps
  An ufetubus (D:6)
  An ooze (D:4)
  An adder skeleton (D:6)
  2 dart slugs
  7 leopard geckos
  21 orcs
  2 ball pythons
  4 giant cockroaches
  2 goblins (D:2)
  9 hobgoblins
  6 jackals
  6 quokkas
  7 bats
  3 frilled lizards
  10 kobolds
  A leopard gecko skeleton (D:7)
  A quokka skeleton (D:4)
  A quokka zombie (D:5)
  3 rats
172 creatures vanquished.

Vanquished Creatures (collateral kills)
  A gnoll sergeant (D:7)
  A gnoll (D:7)
2 creatures vanquished.

Vanquished Creatures (others)
  A dancing weapon (D:7)
1 creature vanquished.

Grand Total: 175 creatures vanquished

Notes
Turn   | Place    | Note
-------+----------+-------------------------------------------
     0 | D:1      | duje the Vampire Enchanter began the quest for the Orb.
     0 | D:1      | Reached XP level 1. HP: 13/13 MP: 3/3
   549 | D:1      | Reached XP level 2. HP: 11/20 MP: 5/5
   867 | D:1      | Learned a level 2 spell: Ensorcelled Hibernation
  1107 | D:2      | Reached skill level 5 in Stealth
  1329 | D:2      | Reached XP level 3. HP: 25/25 MP: 3/6
  1536 | D:2      | Reached skill level 1 in Fighting
  1546 | D:2      | Found a sparkling altar of Nemelex Xobeh.
  1661 | D:2      | Reached skill level 1 in Ice Magic
  1661 | D:2      | Reached XP level 4. HP: 19/32 MP: 0/8
  2408 | D:2      | Became a worshipper of Nemelex Xobeh the Trickster
  2481 | D:3      | Noticed Natasha
  2485 | D:2      | Killed Natasha
  2486 | D:2      | Reached XP level 5. HP: 32/38 MP: 6/9
  2615 | D:2      | Noticed Natasha
  2619 | D:2      | Killed Natasha
  2726 | D:3      | Noticed Terence
  2844 | D:2      | Found a sparkling altar of Nemelex Xobeh.
  2942 | D:2      | Noticed Natasha
  2948 | D:2      | Killed Natasha
  3534 | D:3      | Reached XP level 6. HP: 41/46 MP: 1/10
  3612 | D:3      | Killed Terence
  3985 | D:3      | Found a runed translucent door.
  4083 | D:3      | Noticed CurlyBrace's ghost (weakling FeSu)
  4278 | D:3      | Killed CurlyBrace's ghost
  4560 | D:4      | Reached * piety under Nemelex Xobeh
  4845 | D:4      | Reached XP level 7. HP: 51/53 MP: 5/12
  4970 | D:4      | Found a basalt altar of Yredelemnul.
  5688 | D:4      | Reached skill level 1 in Armour
  5978 | D:4      | Found a glowing silver altar of Zin.
  6153 | D:4      | Reached skill level 5 in Hexes
  6153 | D:4      | Reached XP level 8. HP: 41/48 MP: 14/14
  6306 | D:4      | Received a gift from Nemelex Xobeh
  6382 | D:4      | Found a radiant altar of Vehumet.
  6576 | D:5      | Entered Level 5 of the Dungeon
  6668 | D:5      | Learned a level 3 spell: Confusing Touch
  6972 | D:5      | Reached skill level 6 in Hexes
  7129 | D:5      | Identified a bronze ring mail
  7130 | D:5      | Received a gift from Nemelex Xobeh
  7131 | D:5      | Found Zacvuaxt's Assorted Antiques.
  7154 | D:5      | Bought a buckler for 117 gold pieces
  7240 | D:5      | Reached skill level 1 in Shields
  7241 | D:5      | Reached ** piety under Nemelex Xobeh
  7241 | D:5      | Found a shimmering altar of Xom.
  7243 | D:5      | Found a shimmering altar of Xom.
  7243 | D:5      | Found a bloodstained altar of Trog.
  7245 | D:5      | Found an iron altar of Okawaru.
  7245 | D:5      | Found a sacrificial altar of Ru.
  7245 | D:5      | Found a hazy altar of Hepliaklqana.
  7507 | D:5      | Reached skill level 7 in Hexes
  7668 | D:6      | Found a shimmering blue altar of Sif Muna.
  8098 | D:5      | Reached XP level 9. HP: 52/52 MP: 12/15
  8549 | D:6      | Reached skill level 8 in Hexes
  8637 | D:6      | Received a gift from Nemelex Xobeh
  8764 | D:6      | Reached skill level 5 in Short Blades
  9108 | D:7      | Found a staircase to the Ecumenical Temple.
  9112 | Temple   | Entered the Ecumenical Temple
  9404 | D:7      | Learned a level 3 spell: Tukima's Dance
  9408 | D:7      | Learned a level 3 spell: Dazzling Flash
  9451 | D:7      | Reached skill level 9 in Hexes
  9541 | D:7      | Received a gift from Nemelex Xobeh
  9543 | D:7      | Reached *** piety under Nemelex Xobeh
  9561 | D:7      | Reached skill level 1 in Evocations
  9723 | D:7      | Found a broken altar of Ashenzari.
  9737 | D:7      | Reached skill level 1 in Conjurations
 10069 | D:7      | Reached skill level 10 in Hexes
 10344 | D:7      | Upgraded the game from 0.27-a0-416-gca2cecf3c0 to
                  | 0.27-a0-419-g7a85846853
 10367 | D:8      | Found a shadowy altar of Dithmenos.
 10382 | D:8      | Noticed a two-headed ogre
 10419 | D:7      | Demolished by a two-headed ogre

Illustrated notes

Levels and vault maps discovered:
D:1:      elethiomel_arrival_quiet, layout_loops_ring
D:2:      layout_basic, lemuel_doored_altar, grunt_ministairs_1
D:3:      layout_loops_ring, ebering_ghost_reflecting_pool, uniq_natasha,
          uniq_terence
D:4:      layout_basic, zin_academy, lemuel_crystal_altar, vehumet_crystals,
          minmay_diced_spiral
D:5:      layout_loops_ring, serial_shops, shop, doesnt_xom_only_xom
D:6:      layout_basic, old_standard_altar
D:7:      layout_loops_cross, kennysheep_little_box,
          minmay_temple_entry_proselytizer, minmay_fire_ice_demons
D:8:      layout_basic, nicolae_overflow_hidden_temple, serial_glass,
          glass_columns_a, glass_columns_a
Temple:   regret_index_temple_generic_petals

Skill      XL: |  1  2  3  4  5  6  7  8  9 |
---------------+----------------------------+-----
Stealth        | 5 6 7 |  7.4
Fighting       | 1 2 3 4 |  4.0
Ice Magic      | 1 2 3 4 |  4.0
Spellcasting   | 3 4 |  4.0
Armour         | 3 4 |  4.0
Hexes          | 5 7 10 | 10.0
Short Blades   | 3 6 |  6.0
Shields        | 3 4 |  4.0
Evocations     | 1 |  1.0
Conjurations   | 2 |  2.0
Dodging        | |  2.2

Action                   |  1- 3 |  4- 6 |  7- 9 || total
-------------------------+-------+-------+-------++-------
Melee: Dagger            |   113 |   304 |   418 ||   835
       Bite              |     5 |    21 |    30 ||    56
Throw: Dart              |     1 |    34 |    40 ||    75
 Cast: Corona            |     5 |     5 |     5 ||    15
       Ensorcelled Hiber |     8 |    45 |    98 ||   151
       Confusing Touch   |       |       |     7 ||     7
       Tukima's Dance    |       |       |     2 ||     2
 Abil: End Transformatio |       |       |     1 ||     1
       Bat Form          |       |       |     1 ||     1
       Exsanguinate      |       |       |     1 ||     1
  Use: Scroll            |     3 |     3 |     4 ||    10
       Potion            |       |       |     1 ||     1
 Stab: Sleeping          |    12 |    30 |    70 ||   112
       Confused          |       |       |     3 ||     3
       Distracted        |       |       |     1 ||     1
Armor: Robe              |    23 |    19 |       ||    42
       Leather armour    |       |    65 |    99 ||   164
Dodge: Dodged            |    59 |   136 |   154 ||   349
Block: Buckler           |       |       |    33 ||    33

Table legend: (Time is in decaauts)
 A = Elapsed time spent in this place.
 B = Non-inter-level travel time spent in this place.
 C = Inter-level travel time spent in this place.
 D = Time resting spent in this place.
 E = Time spent auto-exploring this place.
 F = Levels seen in this place.
 G = Mean time per level.
                   A        B        C        D        E       F      G
               +--------+--------+--------+--------+--------+-----+--------+
         Total |  10075 |   9762 |    313 |   1482 |   3445 |   9 | 1119.4 |
       Dungeon |   9810 |   9518 |    292 |   1482 |   3203 |   8 | 1226.2 |
        Temple |    264 |    243 |     21 |      0 |    242 |   1 |  264.0 |
               +--------+--------+--------+--------+--------+-----+--------+

Top non-repeatable levels by time:
     D:2: 2254 daAuts
     D:4: 2135 daAuts
     D:6: 1329 daAuts
     D:5: 1117 daAuts
     D:1: 1039 daAuts
     D:7: 957 daAuts
     D:3: 921 daAuts
  Temple: 264 daAuts
     D:8: 56 daAuts
